 Dungeon Sprint DCSS version 0.26-a0-1126-g3318b609a0 (webtiles) character file.

Game seed: 7011565850231439337

109788649 mhtbhm the Swordmaster (level 24, 227/227 HPs)
             Began as a Barachi Berserker on Dec 17, 2020.
             Was the Champion of Trog.
             Escaped with the Orb
             ... and 17 runes!
             The game lasted 00:53:15 (16637 turns).

mhtbhm the Swordmaster (Barachi Berserker)         Turns: 16637, Time: 00:53:15

Health: 227/227    AC: 47    Str: 31    XL:     24   Next: 72%
Magic:  34/34      EV: 31    Int:  7    God:    Trog [******]
Gold:   824        SH: 30    Dex: 23    Spells: 23/23 levels left

rFire    + . .     SeeInvis +   a - +9 eudemon blade (holy)
rCold    + . .     Faith    .   c - +1 tower shield
rNeg     + . .     Spirit   .   b - +8 gold dragon scales
rPois    +         Reflect  .   y - +3 crown of Dyrovepreva {rElec Int+2 SInv}
rElec    +         Harm     .   K - +1 cloak of Starlight {*Dazzle EV+4 Stlth--}
rCorr    .         Rampage  .   x - +0 pair of gloves of Complete Protection {Str+6}
Will     ++...     NoTele   +   m - +0 pair of boots
Stlth    +.........             E - amulet of Xagyor {rElec Regen+ Int-4 Dex+8}
HPRegen  0.87/turn              p - ring of New Discoveries {rPois Will+ Str-2 Int+3 Slay+3}
MPRegen  0.24/turn              i - ring of positive energy

@: slow
A: +LOS, swims, icy blue scales 1, deterioration 2, dopey 1, low mp 1, slowness
1, wild magic 1, evolution 1, strong legs 2
0: Orb of Zot
}: 17/17 runes: decaying, serpentine, barnacled, slimy, elven, silver, golden,
iron, obsidian, icy, bone, abyssal, glowing, magical, fiery, dark, gossamer
a: Hop, Renounce Religion, Berserk, Trog's Hand, Brothers in Arms


You escaped.
You worshipped Trog.
Trog was exalted by your worship.
You visited 1 branch You collected 1999 gold pieces.
You spent 1175 gold pieces at shops.

Inventory:

Hand Weapons
 a - a +9 eudemon blade of holy wrath (weapon)
 n - a +8 great sword of holy wrath
 F - a +9 vorpal triple sword
Missiles
 e - 31 silver javelins (quivered)
 w - 2 throwing nets
Armour
 b - +8 gold dragon scales (worn)
 c - a +1 tower shield (worn)
 m - a +0 pair of boots (worn)
 x - the +0 pair of gloves of Complete Protection (worn) {Str+6}
   (You bought it in a shop in the Dungeon)

   It affects your strength (+6).
 y - the +3 crown of Dyrovepreva (worn) {rElec Int+2 SInv}
   (You bought it in a shop in the Dungeon)

   It affects your intelligence (+2).
   It insulates you from electricity.
   It lets you see invisible.
 K - the +1 cloak of Starlight (worn) {*Dazzle EV+4 Stlth--}
   (You found it in the Dungeon)

   It affects your evasion (+4).
   It makes you much less stealthy.
Jewellery
 i - a ring of positive energy (right hand)
 p - the ring of New Discoveries (left hand) {rPois Will+ Str-2 Int+3 Slay+3}
   (You found it in the Dungeon)

   [ring of willpower]

   It affects your strength (-2).
   It affects your intelligence (+3).
   It affects your accuracy and damage with ranged weapons and melee attacks
   (+3).
   It protects you from poison.
   It affects your willpower, your defense against some magical effects.
 E - the amulet of Xagyor (around neck) {rElec Regen+ Int-4 Dex+8}
   (You found it in the Dungeon)

   [amulet of regeneration]

   It affects your intelligence (-4).
   It affects your dexterity (+8).
   It insulates you from electricity.
   It increases your rate of regeneration.
 H - a +4 ring of protection
 I - the ring "Rouvotuuh" {Str+3 Dex+2}
   (You found it in the Dungeon)

   [ring of strength]

   It affects your strength (+3).
   It affects your dexterity (+2).
Wands
 q - a wand of acid (4)
Scrolls
 h - a scroll of blinking
 j - 6 scrolls of remove curse
 v - 3 scrolls of fear
 z - a scroll of immolation
 N - 2 scrolls of fog
 O - a scroll of identify
Potions
 d - 9 potions of heal wounds
 f - 11 potions of magic
 g - a potion of berserk rage
 C - 4 potions of curing
 M - 5 potions of haste
Miscellaneous
 k - the horn of Geryon


   Skills:
 O Level 27 Fighting
 + Level 25.7(27) Short Blades
 O Level 27 Long Blades
 + Level 25.7(27) Axes
 + Level 25.1(27) Maces & Flails
 + Level 23.4(27) Polearms
 + Level 25.0(27) Staves
 + Level 23.4(27) Slings
 - Level 1.4 Bows
 - Level 1.3 Crossbows
 - Level 24.8(27) Throwing
 O Level 27 Armour
 O Level 27 Dodging
 O Level 27 Stealth
 O Level 27 Shields
 - Level 1.4 Conjurations
 - Level 1.6 Hexes
 - Level 1.7 Summonings
 - Level 1.1 Necromancy
 - Level 1.4 Translocations
 - Level 1.4 Transmutations
 - Level 1.4 Fire Magic
 - Level 1.6 Ice Magic
 - Level 1.5 Air Magic
 - Level 1.3 Earth Magic
 - Level 1.6 Poison Magic
 + Level 21.8 Invocations
 O Level 27 Evocations


You had 23 spell levels left.
You didn't know any spells.
Your spell library was empty.

Dungeon Overview and Level Annotations

Branches:
Dungeon (1/1)

Altars:
Cheibriados
Dithmenos
Elyvilon
Fedhas
Gozag
Hepliaklqana
Kikubaaqudgha
Makhleb
Nemelex Xobeh
Okawaru
Qazlal
Ru
Sif Muna
Trog
Uskayaw
Vehumet
Wu Jian
Xom
Yredelemnul
Zin
The Shining One
Beogh
Jiyva
Lugonu

Shops:
D *:[[


Innate Abilities, Weirdness & Mutations

You can be seen from farther away. (+LOS)
You can swim through water.
You cover ground slowly.
You can hop long distances.
You are partially covered in icy blue scales. (AC +2)
Your body often deteriorates upon taking damage.
You are dopey. (Int -2)
Your magical capacity is low. (-10% MP)
Your spells are a little harder to cast, but a little more powerful.
You evolve.


Message History

You block the Orb Guardian's attack.
You slash the Orb Guardian!
The Orb Guardian is heavily wounded.
You block the Orb Guardian's attack.
You closely miss the Orb Guardian.
The Orb Guardian is heavily wounded.
You block the Orb Guardian's attack.
You open the Orb Guardian like a pillowcase!!!
The Orb Guardian is almost dead.
You closely miss the Orb Guardian.
The Orb Guardian is almost dead.
You block the Orb Guardian's attack.
You hit the Orb Guardian.
You kill the Orb Guardian!
Trog accepts your kill.
There is an open door, spattered with blood here.
You see here a cursed -3 club.
There is an open door to the Dungeon here.
There is a staircase leading out of the dungeon here.
You have escaped!

.▓.▓.▓.▓.▓.▓.▓.▓.▓
.▓[▓.▓.▓.▓.▓'▓.▓.▓
D▓.▓.▓.▓.▓.▓.▓.▓.▓
.▓.▓.▓.▓.▓.▓.▓.▓)▓
.▓†▓.▓.▓.▓.▓.▓.▓'▓
.▓.▓.▓.▓.▓.▓.▓.▓.▓
.▓.▓.▓.▓.▓.▓.▓.▓.▓
.▓.▓.▓.▓.▓.▓.▓.▓.▓
...▓...▓...▓...▓@▓
▓▓▓▓▓▓▓▓▓▓▓▓▓▓▓▓▓▓


There were no monsters in sight!

Vanquished Creatures
  Cerebov (D)
  Asmodeus (D)
  Antaeus (D)
  the Royal Jelly (D)
  Ereshkigal (D)
  A seraph (D)
  Mnoleg (D)
  Lom Lobon (D)
  Dispater (D)
  4 ancient liches (D)
  4 orbs of fire (D)
  6 pandemonium lords (D)
  Mennas (D)
  5 royal mummies (D)
  Sojobo (D)
  Boris (D)
  Frederick (D)
  Saint Roka (D)
  Margery (D)
  Xtahua (D)
  Jory (D)
  3 golden dragons (D)
  Geryon (D)
  2 Brimstone Fiends (D)
  A bone dragon (D)
  4 electric golems (D)
  2 Hell Sentinels (D)
  36 Orb Guardians (D)
  3 tentacled monstrosities (D)
  2 liches (D)
  2 Ice Fiends (D)
  A titan (D)
  A deep elf blademaster (D)
  3 deep elf master archers (D)
  4 quicksilver dragons (D)
  5 Executioners (D)
  9 acid blobs (D)
  13 sphinxes (D)
  Agnes (D)
  9 shadow dragons (D)
  2 death cobs (D)
  3 nagarajas (D)
  Ilsuiw (D)
  5 storm dragons (D)
  A daeva (D)
  2 tengu reavers (D)
  7 azure jellies (D)
  2 fire giants (D)
  A fenstrider witch (D)
  2 draconian knights (D)
  2 ghost moths (D)
  A frost giant (D)
  2 balrugs (D)
  A deep elf sorcerer (D)
  4 draconian shifters (D)
  Louise (D)
  2 cacodemons (D)
  2 warmongers (D)
  A draconian scorcher (D)
  An angel (D)
  2 ironheart preservers (D)
  2 very ugly things (D)
  A war gargoyle (D)
  A draconian stormcaller (D)
  4 stone giants (D)
  6 emperor scorpions (D)
  3 reapers (D)
  A blood saint (D)
  10 vampire knights (D)
  A black sun (D)
  6 black draconians (D)
  3 green draconians (D)
  A deep elf demonologist (D)
  3 yellow draconians (D)
  A white draconian (D)
  2 red draconians (D)
  A deep elf annihilator (D)
  A lorocyproca (D)
  2 purple draconians (D)
  3 ettins (D)
  Snorg (D)
  3 deep elf death magi (D)
  4 merfolk javelineers (D)
  7 fire dragons (D)
  3 blizzard demons (D)
  5 mummy priests (D)
  4 merfolk impalers (D)
  Josephine (D)
  An eleionoma (D)
  10 death oozes (D)
  3 deep elf high priests (D)
  3 yaktaur captains (D)
  6 ogre magi (D)
  2 green deaths (D)
  4 naga warriors (D)
  24 vault guards (D)
  2 monstrous demonspawn (D)
  3 great orbs of eyes (D)
  An ice dragon (D)
  A rakshasa (D)
  8 hydras (D)
  Harold (D)
  A boulder beetle (D)
  2 hell beasts (D)
  A death knight (D)
  3 centaur warriors (D)
  2 anacondas (D)
  2 satyrs (D)
  An alligator (D)
  A deep troll shaman (D)
  3 merfolk aquamancers (D)
  A naga sharpshooter (D)
  A vampire mage (D)
  2 shock serpents (D)
  2 spriggan berserkers (D)
  A soul eater (D)
  2 wretched stars (D)
  A sun demon (D)
  3 sixfirhies (D)
  5 hell knights (D)
  A skeletal warrior (D)
  4 deep trolls (D)
  2 sea snakes (D)
  An unseen horror (D)
  A glowing orange brain (D)
  A torturous demonspawn (D)
  A flayed ghost (D)
  3 infernal demonspawn (D)
  7 swamp dragons (D)
  5 ironbrand convokers (D)
  A phantasmal warrior (D)
  3 necromancers (D)
  2 orc knights (D)
  4 ugly things (D)
  2 will-o-the-wisps (D)
  An oklob plant (D)
  An orc sorcerer (D)
  A deep elf mage (D)
  8 moths of wrath (D)
  A cyclops (D)
  3 wolf spiders (D)
  3 rust devils (D)
  Joseph (D)
  4 black mambas (D)
  Maurice (D)
  3 naga magi (D)
  2 smoke demons (D)
  2 guardian serpents (D)
  4 vault sentinels (D)
  2 orange demons (D)
  A cane toad (D)
  3 komodo dragons (D)
  A rime drake (D)
  2 ice devils (D)
  4 yaktaurs (D)
  4 hellwings (D)
  3 tormentors (D)
  A demonic crawler (D)
  2 merfolk (D)
  18 guardian mummies (D)
  5 trolls (D)
  8 red devils (D)
  4 jumping spiders (D)
  3 polar bears (D)
  A wandering mushroom (D)
  A blink frog (D)
  A raiju (D)
  A hornet (D)
  2 large abominations (D)
  A small abomination (D)
  4 redbacks (D)
  3 ynoxinuls (D)
  A tarantella (D)
  4 wraiths (D)
  A wyvern (D)
  11 spriggans (D)
  2 chaos spawn (D)
  A golden eye (D)
  A vampire mosquito (D)
  3 nagas (D)
  2 acid dragons (D)
  A warg (D)
  2 water moccasins (D)
  7 hell hounds (D)
  A floating eye (D)
  12 orc warriors (D)
  4 eyes of draining (D)
  6 black bears (D)
  A boggart (D)
  A wolf (D)
  5 bullfrogs (D)
  2 wights (D)
  A crimson imp (D)
  A quasit (D)
  An orc priest (D)
  A jelly (D)
  5 orc wizards (D)
  An iguana (D)
  A worker ant (D)
  2 white imps (D)
  An adder skeleton (D)
  An adder zombie (D)
  A dart slug (D)
  An adder simulacrum (D)
  A leopard gecko (D)
  12 orcs (D)
  A bat (D)
  A goblin (D)
  A kobold (D)
  2 quokkas (D)
  2 frilled lizards (D)
  A leopard gecko skeleton (D)
  A quokka zombie (D)
  3 crawling corpses (D)
  2 fire vortices (D)
626 creatures vanquished.

Vanquished Creatures (collateral kills)
  A tentacled monstrosity (D)
  A stone giant (D)
  A deep elf death mage (D)
  An ettin (D)
  An ogre mage (D)
  A merfolk javelineer (D)
  A vault guard (D)
  A swamp dragon (D)
  A sea snake (D)
  2 merfolk (D)
  A troll (D)
  A swamp drake (D)
13 creatures vanquished.

Vanquished Creatures (others)
  Gloorx Vloq (D)
  A will-o-the-wisp (D)
  4 foxfires (D)
  A lurking horror (D)
7 creatures vanquished.

Grand Total: 646 creatures vanquished

Notes
Turn   | Place    | Note
-------+----------+-------------------------------------------
     0 | D        | mhtbhm the Barachi Berserker began the quest for the Orb.
     0 | D        | Reached XP level 1. HP: 18/18 MP: 1/1
    14 | D        | Reached ** piety under Trog
    23 | D        | Reached XP level 2. HP: 18/26 MP: 2/2
   126 | D        | Reached *** piety under Trog
   127 | D        | Reached skill level 5 in Long Blades
   131 | D        | Reached skill level 5 in Fighting
   141 | D        | Found a roughly hewn altar of Beogh.
   141 | D        | Found a snail-covered altar of Cheibriados.
   141 | D        | Found a shadowy altar of Dithmenos.
   141 | D        | Found a white marble altar of Elyvilon.
   141 | D        | Found a blossoming altar of Fedhas.
   141 | D        | Found an opulent altar of Gozag.
   141 | D        | Found a hazy altar of Hepliaklqana.
   142 | D        | Found a viscous altar of Jiyva.
   143 | D        | Found an ancient bone altar of Kikubaaqudgha.
   144 | D        | Found a corrupted altar of Lugonu.
   145 | D        | Found a burning altar of Makhleb.
   146 | D        | Found a sparkling altar of Nemelex Xobeh.
   147 | D        | Found an iron altar of Okawaru.
   148 | D        | Found a stormy altar of Qazlal.
   149 | D        | Found a sacrificial altar of Ru.
   150 | D        | Found a shimmering blue altar of Sif Muna.
   151 | D        | Found a bloodstained altar of Trog.
   152 | D        | Found a hide-covered altar of Uskayaw.
   153 | D        | Found a radiant altar of Vehumet.
   154 | D        | Found an ornate altar of the Wu Jian Council.
   155 | D        | Found a shimmering altar of Xom.
   156 | D        | Found a basalt altar of Yredelemnul.
   157 | D        | Found a glowing silver altar of Zin.
   158 | D        | Found a glowing golden altar of the Shining One.
   214 | D        | Noticed an orc warrior
   214 | D        | Noticed an eye of draining
   218 | D        | Reached **** piety under Trog
   221 | D        | Reached XP level 3. HP: 33/33 MP: 0/3
   224 | D        | Killed an eye of draining
   225 | D        | Reached XP level 4. HP: 43/43 MP: 0/4
   225 | D        | Reached XP level 5. HP: 48/48 MP: 0/5
   233 | D        | Reached skill level 5 in Dodging
   237 | D        | Killed an orc warrior
   238 | D        | Reached skill level 10 in Long Blades
   238 | D        | Reached skill level 5 in Armour
   238 | D        | Reached XP level 6. HP: 35/57 MP: 1/6
   353 | D        | Noticed an acid dragon
   360 | D        | Killed an unseen horror
   360 | D        | Reached ***** piety under Trog
   361 | D        | Reached skill level 10 in Fighting
   361 | D        | Reached XP level 7. HP: 66/66 MP: 7/7
   365 | D        | Reached XP level 8. HP: 72/72 MP: 8/8
   372 | D        | Received a gift from Trog
   378 | D        | Got a pitted great sword {god gift}
   379 | D        | Identified the +3 great sword of Reuleffahu {vorpal, *Rage
                  | rPois rN+} (Trog gifted it to you in the Dungeon)
   547 | D        | Noticed Maurice
   553 | D        | Killed Maurice
   554 | D        | Reached skill level 15 in Long Blades
   662 | D        | Noticed a komodo dragon
   662 | D        | Noticed a komodo dragon
   662 | D        | Noticed a polar bear
   662 | D        | Noticed a black mamba
   662 | D        | Noticed a komodo dragon
   664 | D        | Killed a komodo dragon
   665 | D        | Reached XP level 9. HP: 81/81 MP: 9/9
   669 | D        | Killed a black mamba
   675 | D        | Killed a polar bear
   675 | D        | Received a gift from Trog
   679 | D        | Killed a komodo dragon
   681 | D        | Killed a komodo dragon
   838 | D        | Noticed a five-headed hydra
   838 | D        | Noticed a rime drake
   838 | D        | Noticed an oklob plant
   838 | D        | Noticed a black mamba
   845 | D        | Killed a black mamba
   846 | D        | Reached skill level 10 in Armour
   846 | D        | Reached XP level 10. HP: 90/90 MP: 10/10
   910 | D        | Noticed a cane toad
   917 | D        | Killed an oklob plant
   917 | D        | Reached ****** piety under Trog
   918 | D        | Reached skill level 10 in Dodging
   924 | D        | Killed a two-headed hydra
   937 | D        | Killed a cane toad
  1018 | D        | Reached skill level 1 in Stealth
  1025 | D        | Received a gift from Trog
  1213 | D        | Noticed Harold
  1229 | D        | Killed Harold
  1230 | D        | Reached XP level 11. HP: 93/100 MP: 11/11
  1241 | D        | Noticed Joseph
  1249 | D        | Killed Joseph
  1402 | D        | Received a gift from Trog
  1412 | D        | Received a gift from Trog
  1542 | D        | Noticed an orc sorcerer
  1551 | D        | Received a gift from Trog
  1552 | D        | Killed an orc sorcerer
  1568 | D        | Reached skill level 15 in Fighting
  1568 | D        | Received a gift from Trog
  1616 | D        | Found Novituna's Armour Boutique.
  1616 | D        | Noticed an ogre mage
  1616 | D        | Noticed an ettin
  1616 | D        | Noticed an ogre mage
  1617 | D        | Found Mihatokk's Armour Shop.
  1618 | D        | Noticed a deep troll
  1621 | D        | Killed an ogre mage
  1622 | D        | Noticed an ogre mage
  1625 | D        | Killed an ettin
  1626 | D        | Found Kaqutes's Book Boutique.
  1627 | D        | Received a gift from Trog
  1631 | D        | Killed an ogre mage
  1632 | D        | Noticed a deep troll
  1645 | D        | Killed a deep troll
  1651 | D        | Killed an ogre mage
  1651 | D        | Received a gift from Trog
  1654 | D        | HP: 5/104 [deep troll (6)]
  1707 | D        | HP: 1/104 [deep troll (9)]
  1712 | D        | Killed a deep troll
  1713 | D        | Reached XP level 12. HP: 43/113 MP: 12/12
  2103 | D        | Found Buypafaf's General Store.
  2115 | D        | Reached skill level 1 in Evocations
  2167 | D        | Bought the +0 pair of gloves of Complete Protection {Str+6}
                  | for 289 gold pieces
  2169 | D        | Bought the +3 crown of Dyrovepreva {rElec Int+2 SInv} for
                  | 579 gold pieces
  2169 | D        | Found the +3 crown of Dyrovepreva {rElec Int+2 SInv}
  2173 | D        | Bought a scroll of immolation for 49 gold pieces
  2209 | D        | Bought a +2 chain mail of cold resistance for 258 gold
                  | pieces
  2454 | D        | Noticed a centaur warrior
  2459 | D        | Noticed a fire dragon
  2461 | D        | Killed a centaur warrior
  2468 | D        | Noticed a stone giant
  2473 | D        | Noticed an ettin
  2477 | D        | Killed a fire dragon
  2477 | D        | Received a gift from Trog
  2478 | D        | Reached skill level 15 in Armour
  2492 | D        | Killed a stone giant
  2494 | D        | Killed an ettin
  2494 | D        | Noticed a fire dragon
  2498 | D        | Noticed an ogre mage
  2775 | D        | Killed a fire dragon
  2775 | D        | Received a gift from Trog
  2781 | D        | Killed an ogre mage
  2869 | D        | Noticed Saint Roka
  2886 | D        | Killed Saint Roka
  2887 | D        | Reached skill level 1 in Throwing
  2887 | D        | Gained mutation: You can hop long distances. [Barachi
                  | growth]
  2887 | D        | Reached XP level 13. HP: 102/124 MP: 13/13
  3130 | D        | Noticed an eleionoma
  3130 | D        | Noticed a fenstrider witch
  3138 | D        | Killed an eleionoma
  3139 | D        | Reached skill level 5 in Stealth
  3144 | D        | Killed a fenstrider witch
  3144 | D        | Received a gift from Trog
  3146 | D        | HP: 6/187 [will-o-the-wisp/foxfire (8)]
  3148 | D        | HP: 2/125 [poison]
  3542 | D        | Received a gift from Trog
  3588 | D        | Noticed a merfolk javelineer
  3588 | D        | Noticed a merfolk impaler
  3602 | D        | Killed a merfolk impaler
  3604 | D        | Received a gift from Trog
  3617 | D        | Killed a merfolk javelineer
  3622 | D        | Reached skill level 5 in Evocations
  3873 | D        | Received a gift from Trog
  3885 | D        | Received a gift from Trog
  3886 | D        | Reached XP level 14. HP: 121/136 MP: 14/14
  4126 | D        | Noticed Josephine
  4139 | D        | Killed Josephine
  4139 | D        | Received a gift from Trog
  4189 | D        | Noticed Snorg
  4203 | D        | Killed Snorg
  4221 | D        | Noticed Agnes
  4226 | D        | Killed Agnes
  4359 | D        | Noticed a stone giant
  4359 | D        | Noticed a fire giant
  4359 | D        | Noticed a stone giant
  4359 | D        | Noticed a stone giant
  4370 | D        | Killed a stone giant
  4370 | D        | Received a gift from Trog
  4371 | D        | Noticed a vampire knight
  4373 | D        | Killed a stone giant
  4374 | D        | Noticed a tentacled monstrosity
  4380 | D        | Killed a fire giant
  4384 | D        | Killed a vampire knight
  4403 | D        | Killed a tentacled monstrosity
  4404 | D        | Killed a stone giant
  4404 | D        | Received a gift from Trog
  4903 | D        | Reached skill level 27 in Long Blades
  4976 | D        | Received a gift from Trog
  5046 | D        | Noticed a stone giant
  5174 | D        | Reached skill level 5 in Throwing
  5174 | D        | Reached skill level 15 in Dodging
  5182 | D        | Killed a stone giant
  5202 | D        | Noticed a vampire knight
  5207 | D        | Killed a vampire knight
  5207 | D        | Received a gift from Trog
  5326 | D        | Received a gift from Trog
  5337 | D        | Received a gift from Trog
  5338 | D        | Reached XP level 15. HP: 87/151 MP: 15/15
  5352 | D        | Received a gift from Trog
  5373 | D        | Received a gift from Trog
  5770 | D        | Received a gift from Trog
  5776 | D        | Got a crude great sword {god gift}
  5777 | D        | Identified the +5 great sword "Ylupsoux" {vorpal, Stlth+}
                  | (Trog gifted it to you in the Dungeon)
  5871 | D        | Received a gift from Trog
  6177 | D        | Noticed Jory
  6201 | D        | Killed Jory
  6667 | D        | Found the +1 cloak of Starlight {*Dazzle EV+4 Stlth--}
  6764 | D        | Noticed Xtahua
  6764 | D        | Noticed a tengu reaver
  6765 | D        | Noticed Sojobo
  6766 | D        | Noticed a tengu reaver
  6775 | D        | Killed Xtahua
  6779 | D        | Killed a tengu reaver
  6780 | D        | Reached skill level 10 in Evocations
  6785 | D        | Killed Sojobo
  6785 | D        | Received a gift from Trog
  6786 | D        | Reached skill level 27 in Fighting
  6788 | D        | Killed a tengu reaver
  6887 | D        | Noticed Ilsuiw
  6905 | D        | Killed Ilsuiw
  6911 | D        | Received a gift from Trog
  6920 | D        | Reached XP level 16. HP: 135/167 MP: 16/16
  6928 | D        | Received a gift from Trog
  6945 | D        | Got a barnacled rune of Zot
  7019 | D        | Reached skill level 10 in Throwing
  7053 | D        | Received a gift from Trog
  7055 | D        | Got a gossamer rune of Zot
  7219 | D        | Received a gift from Trog
  7246 | D        | Got a decaying rune of Zot
  7345 | D        | Noticed a nagaraja
  7345 | D        | Noticed a nagaraja
  7346 | D        | Received a gift from Trog
  7351 | D        | Noticed a nagaraja
  7351 | D        | Killed a nagaraja
  7359 | D        | Killed a nagaraja
  7359 | D        | Received a gift from Trog
  7362 | D        | Killed a nagaraja
  7377 | D        | Received a gift from Trog
  7389 | D        | Got a serpentine rune of Zot
  7593 | D        | Noticed Boris
  7608 | D        | Killed Boris
  7612 | D        | Noticed Margery
  7613 | D        | Received a gift from Trog
  7618 | D        | Killed Margery
  7619 | D        | Reached skill level 15 in Throwing
  7619 | D        | Reached XP level 17. HP: 102/174 MP: 17/17
  7620 | D        | Received a gift from Trog
  7711 | D        | Reached skill level 15 in Evocations
  7730 | D        | Received a gift from Trog
  7757 | D        | Received a gift from Trog
  7811 | D        | Received a gift from Trog
  7855 | D        | Received a gift from Trog
  7858 | D        | Received a gift from Trog
  7874 | D        | Received a gift from Trog
  7889 | D        | Reached skill level 27 in Dodging
  8022 | D        | Noticed a titan
  8022 | D        | Noticed an ancient lich
  8026 | D        | Received a gift from Trog
  8028 | D        | Killed an ancient lich
  8028 | D        | Received a gift from Trog
  8028 | D        | Noticed a quicksilver dragon
  8029 | D        | Killed a quicksilver dragon
  8030 | D        | Reached XP level 18. HP: 145/182 MP: 18/18
  8030 | D        | Killed a titan
  8039 | D        | Got a silver rune of Zot
  8084 | D        | Noticed Louise
  8099 | D        | Killed Louise
  8197 | D        | Got the ring of New Discoveries {rPois Will+ Str-2 Int+3
                  | Slay+3}
  8199 | D        | Got the ring of Uneid {Ice Dex+5}
  8201 | D        | Got the amulet of Xagyor {rElec Regen+ Int-4 Dex+8}
  8203 | D        | Got the ring "Rouvotuuh" {Str+3 Dex+2}
  8205 | D        | Got the ring "Onafez" {Fire rPois Int+3 Dex+6}
  8291 | D        | Noticed Mennas
  8319 | D        | Killed Mennas
  8319 | D        | Received a gift from Trog
  8409 | D        | Noticed Frederick
  8417 | D        | Killed Frederick
  8481 | D        | Received a gift from Trog
  8483 | D        | Received a gift from Trog
  8486 | D        | Reached skill level 27 in Armour
  8494 | D        | Got a shimmering great sword {god gift}
  8495 | D        | Identified the +4 great sword "Egoes" {vorpal, +Rage rC-
                  | rN++} (Trog gifted it to you in the Dungeon)
  8513 | D        | Noticed a bone dragon
  8524 | D        | Reached skill level 5 in Shields
  8524 | D        | Reached skill level 1 in Hexes
  8524 | D        | Reached skill level 1 in Poison Magic
  8526 | D        | Killed a bone dragon
  8531 | D        | Reached skill level 10 in Shields
  8537 | D        | Received a gift from Trog
  8620 | D        | Noticed a quicksilver dragon
  8630 | D        | Received a gift from Trog
  8631 | D        | Reached skill level 15 in Shields
  8647 | D        | Killed a quicksilver dragon
  8703 | D        | Noticed a tentacled monstrosity
  8703 | D        | Noticed a quicksilver dragon
  8703 | D        | Noticed a tentacled monstrosity
  8710 | D        | Received a gift from Trog
  8716 | D        | Killed a tentacled monstrosity
  8716 | D        | Received a gift from Trog
  8719 | D        | Killed a tentacled monstrosity
  8729 | D        | Killed a quicksilver dragon
  8730 | D        | Reached XP level 19. HP: 184/189 MP: 19/19
  8753 | D        | Received a gift from Trog
  8764 | D        | Received a gift from Trog
  8801 | D        | Noticed an orb of fire
  8803 | D        | Killed an orb of fire
  8805 | D        | Received a gift from Trog
  8818 | D        | Received a gift from Trog
  8819 | D        | Reached skill level 27 in Shields
  8996 | D        | Reached skill level 1 in Short Blades
  8996 | D        | Reached skill level 1 in Axes
  8996 | D        | Reached skill level 1 in Maces & Flails
  8996 | D        | Reached skill level 1 in Polearms
  8996 | D        | Reached skill level 1 in Staves
  8996 | D        | Reached skill level 1 in Slings
  8996 | D        | Reached skill level 1 in Bows
  8996 | D        | Reached skill level 1 in Crossbows
  8996 | D        | Reached skill level 1 in Conjurations
  8996 | D        | Reached skill level 1 in Summonings
  8996 | D        | Reached skill level 1 in Necromancy
  8996 | D        | Reached skill level 1 in Translocations
  8996 | D        | Reached skill level 1 in Transmutations
  8996 | D        | Reached skill level 1 in Fire Magic
  8996 | D        | Reached skill level 1 in Ice Magic
  8996 | D        | Reached skill level 1 in Air Magic
  8996 | D        | Reached skill level 1 in Earth Magic
  8996 | D        | Reached skill level 1 in Invocations
  9014 | D        | Reached skill level 10 in Stealth
  9027 | D        | Received a gift from Trog
  9181 | D        | Noticed a tentacled monstrosity
  9181 | D        | Noticed a golden dragon
  9185 | D        | Reached skill level 15 in Stealth
  9185 | D        | Received a gift from Trog
  9186 | D        | Killed a golden dragon
  9190 | D        | Killed a tentacled monstrosity
  9216 | D        | Noticed an ancient lich
  9219 | D        | Killed an ancient lich
  9219 | D        | Received a gift from Trog
  9220 | D        | Reached XP level 20. HP: 197/197 MP: 20/20
  9222 | D        | Got a scorched quarterstaff {god gift}
  9223 | D        | Identified the +9 quarterstaff of Eneuh {vorpal, rC+ rN+
                  | Str+2} (Trog gifted it to you in the Dungeon)
  9228 | D        | Noticed an orb of fire
  9230 | D        | Gained mutation: You are frail. (-10% HP) [an orb of fire]
  9231 | D        | Gained mutation: Scrolls take you a little longer to read.
                  | [an orb of fire]
  9236 | D        | Killed an orb of fire
  9237 | D        | Lost mutation: Scrolls take you a little longer to read.
                  | [potion of mutation]
  9237 | D        | Lost mutation: You are frail. (-10% HP) [potion of
                  | mutation]
  9237 | D        | Gained mutation: Your spells are a little harder to cast,
                  | but a little more powerful. [potion of mutation]
  9237 | D        | Gained mutation: You evolve. [potion of mutation]
  9237 | D        | Gained mutation: You are dopey. (Int -2) [potion of
                  | mutation]
  9237 | D        | Gained mutation: You possess an exceptional clarity of
                  | mind. [potion of mutation]
  9265 | D        | Noticed an electric golem
  9271 | D        | Killed an electric golem
  9374 | D        | Noticed a golden dragon
  9374 | D        | Noticed an orb of fire
  9374 | D        | Noticed an electric golem
  9374 | D        | Noticed an electric golem
  9375 | D        | Noticed an orb of fire
  9379 | D        | Gained mutation: Your magical capacity is low. (-10% MP)
                  | [an orb of fire]
  9380 | D        | Killed an orb of fire
  9380 | D        | Gained mutation: Your body sometimes deteriorates upon
                  | taking damage. [an orb of fire]
  9381 | D        | Lost mutation: You possess an exceptional clarity of mind.
                  | [an orb of fire]
  9382 | D        | Killed an electric golem
  9382 | D        | Received a gift from Trog
  9383 | D        | Noticed an electric golem
  9383 | D        | Gained mutation: Your body often deteriorates upon taking
                  | damage. [an orb of fire]
  9384 | D        | Killed an orb of fire
  9385 | D        | Killed an electric golem
  9385 | D        | Killed a golden dragon
  9386 | D        | Noticed a golden dragon
  9394 | D        | Killed an electric golem
  9399 | D        | Received a gift from Trog
  9400 | D        | Killed a golden dragon
  9481 | D        | Received a gift from Trog
  9501 | D        | Reached skill level 27 in Stealth
  9509 | D        | Reached skill level 27 in Evocations
  9509 | D        | Reached XP level 21. HP: 187/204 MP: 19/19
  9511 | D        | Received a gift from Trog
  9604 | D        | Noticed an ancient lich
  9604 | D        | Noticed an ancient lich
  9615 | D        | Killed an ancient lich
  9616 | D        | Reached skill level 5 in Polearms
  9616 | D        | Reached skill level 5 in Slings
  9616 | D        | Reached skill level 5 in Invocations
  9622 | D        | Killed an ancient lich
  9622 | D        | Received a gift from Trog
  9631 | D        | Received a gift from Trog
  9858 | D        | Received a gift from Trog
  9886 | D        | Received a gift from Trog
  9889 | D        | Received a gift from Trog
  9890 | D        | Reached skill level 10 in Short Blades
  9890 | D        | Reached skill level 10 in Axes
  9890 | D        | Reached skill level 10 in Maces & Flails
  9890 | D        | Reached skill level 10 in Staves
  9913 | D        | Received a gift from Trog
  9919 | D        | Reached skill level 10 in Polearms
  9919 | D        | Reached skill level 10 in Slings
  9922 | D        | Got an elven rune of Zot
 10020 | D        | Received a gift from Trog
 10025 | D        | Reached skill level 10 in Invocations
 10075 | D        | Gained mutation: You are partially covered in icy blue
                  | scales. (AC +2) [evolution]
 10079 | D        | Noticed the Royal Jelly
 10084 | D        | Killed the Royal Jelly
 10093 | D        | Received a gift from Trog
 10119 | D        | Received a gift from Trog
 10135 | D        | Got a slimy rune of Zot
 10270 | D        | Received a gift from Trog
 10271 | D        | Reached XP level 22. HP: 204/212 MP: 26/28
 10271 | D        | Received a gift from Trog
 10272 | D        | Reached skill level 15 in Short Blades
 10272 | D        | Reached skill level 15 in Axes
 10272 | D        | Paralysed by a sphinx for 3 turns
 10288 | D        | Received a gift from Trog
 10289 | D        | Reached skill level 15 in Maces & Flails
 10289 | D        | Reached skill level 15 in Staves
 10296 | D        | Received a gift from Trog
 10335 | D        | Received a gift from Trog
 10756 | D        | Received a gift from Trog
 10756 | D        | Noticed a royal mummy
 10761 | D        | Killed a royal mummy
 10908 | D        | Noticed a royal mummy
 10908 | D        | Noticed a royal mummy
 10908 | D        | Noticed a royal mummy
 10911 | D        | Noticed a royal mummy
 10912 | D        | Killed a royal mummy
 10912 | D        | Received a gift from Trog
 10913 | D        | Reached skill level 15 in Polearms
 10913 | D        | Reached skill level 15 in Slings
 10914 | D        | Killed a royal mummy
 11160 | D        | Killed a royal mummy
 11431 | D        | Killed a royal mummy
 11484 | D        | Received a gift from Trog
 11545 | D        | Got a golden rune of Zot
 11554 | D        | Received a gift from Trog
 11633 | D        | Reached skill level 15 in Invocations
 11641 | D        | Got an abyssal rune of Zot
 11791 | D        | Noticed Geryon
 11808 | D        | Killed Geryon
 11811 | D        | Noticed Lom Lobon
 11811 | D        | Identified the +6 sword of Cerebov {flame}
 11811 | D        | Noticed Cerebov
 11811 | D        | Identified the +4 staff of Dispater
 11811 | D        | Noticed Dispater
 11812 | D        | Noticed Gloorx Vloq
 11819 | D        | Killed Gloorx Vloq
 11836 | D        | Killed Dispater
 12237 | D        | Killed Cerebov
 12237 | D        | Received a gift from Trog
 12238 | D        | Reached XP level 23. HP: 183/219 MP: 31/31
 12631 | D        | Killed Lom Lobon
 12677 | D        | Noticed Ereshkigal
 12849 | D        | Killed Ereshkigal
 12910 | D        | Noticed Mnoleg
 12921 | D        | Killed Mnoleg
 13126 | D        | Got an iron rune of Zot
 13130 | D        | Got a fiery rune of Zot
 13134 | D        | Got a magical rune of Zot
 13139 | D        | Got a dark rune of Zot
 13140 | D        | Noticed Antaeus
 13167 | D        | Killed Antaeus
 13202 | D        | Got a bone rune of Zot
 13328 | D        | Identified the +7 sceptre of Asmodeus
 13328 | D        | Noticed Asmodeus
 13343 | D        | Killed Asmodeus
 13345 | D        | Got a glowing rune of Zot
 13349 | D        | Got an icy rune of Zot
 13353 | D        | Got an obsidian rune of Zot
 13857 | D        | Got the Orb of Zot
 13887 | D        | Noticed Weushreu the pandemonium lord
 13913 | D        | Killed Weushreu the pandemonium lord
 13913 | D        | Received a gift from Trog
 14262 | D        | Received a gift from Trog
 14445 | D        | Received a gift from Trog
 14759 | D        | Received a gift from Trog
 14918 | D        | Received a gift from Trog
 15152 | D        | Noticed Idagih the pandemonium lord
 15162 | D        | Killed Idagih the pandemonium lord
 15163 | D        | Reached XP level 24. HP: 89/227 MP: 33/33
 15246 | D        | Received a gift from Trog
 15387 | D        | Received a gift from Trog
 15398 | D        | Noticed Qeycluca the pandemonium lord
 15409 | D        | Killed Qeycluca the pandemonium lord
 15482 | D        | Received a gift from Trog
 15806 | D        | Received a gift from Trog
 15839 | D        | Received a gift from Trog
 15927 | D        | Received a gift from Trog
 15971 | D        | Noticed Ruvybic the pandemonium lord
 15989 | D        | Killed Ruvybic the pandemonium lord
 16088 | D        | Noticed Nowimmakhov the pandemonium lord
 16095 | D        | Killed Nowimmakhov the pandemonium lord
 16176 | D        | Received a gift from Trog
 16246 | D        | Noticed Rianlit the pandemonium lord
 16252 | D        | Killed Rianlit the pandemonium lord
 16266 | D        | Noticed a seraph
 16283 | D        | Killed a seraph
 16283 | D        | Received a gift from Trog
 16506 | D        | Received a gift from Trog
 16637 | D        | Escaped with the Orb!

Illustrated notes

Levels and vault maps discovered:
D:        linesprint [early_d, line_temple, items_1, d_10, items_2, lair_1,
          lair_end, items_3, orc_1, orc_end, items_4, d_15, swamp_1, shoals_1,
          snake_1, spider_1, d_20, vaults_1, items_5, swamp_end, shoals_end,
          snake_end, spider_end, vaults_end, d_27, items_6, zot_1, zot_end,
          crypt_end, forest_end, elf_end, slime_end, tomb_end, abyss_end,
          pan_hell_end]

Skill      XL: |  1  2  3  4  5  6  7  8  9 10 11 12 13 14 15 16 17 18 19 20 21 22 23 24 |
---------------+-------------------------------------------------------------------------+-----
Fighting       | 4 5 7 8 10 11 12 14 16 18 20 24 27 | 27.0
Long Blades    | 4 5 8 10 14 16 18 20 22 24 25 27 | 27.0
Dodging        | 3 4 5 7 8 9 10 11 13 16 19 24 27 | 27.0
Armour         | 3 5 7 8 10 11 13 17 18 20 23 25 27 | 27.0
Stealth        | 2 4 5 19 27 | 27.0
Evocations     | 3 5 8 11 14 15 21 27 | 27.0
Throwing       | 1 2 6 8 15 21 24 | 24.8
Shields        | 21 27 | 27.0
Hexes          | 1 |  1.6
Poison Magic   | 1 |  1.6
Short Blades   | 1 14 19 23 25 | 25.7
Axes           | 1 14 19 23 25 | 25.7
Maces & Flails | 1 14 19 22 25 | 25.1
Polearms       | 1 13 17 21 23 | 23.4
Staves         | 1 14 19 22 25 | 25.0
Slings         | 1 13 17 21 23 | 23.4
Bows           | 1 |  1.4
Crossbows      | 1 |  1.3
Conjurations   | 1 |  1.4
Summonings     | 1 |  1.7
Necromancy     | 1 |  1.1
Translocations | 1 |  1.4
Transmutations | 1 |  1.4
Fire Magic     | 1 |  1.4
Ice Magic      | 1 |  1.6
Air Magic      | 1 |  1.5
Earth Magic    | 1 |  1.3
Invocations    | 1 12 16 19 21 | 21.8

Action                   |  1- 3 |  4- 6 |  7- 9 | 10-12 | 13-15 | 16-18 | 19-21 | 22-24 || total
-------------------------+-------+-------+-------+-------+-------+-------+-------+-------++-------
Melee: Falchion          |    31 |       |       |       |       |       |       |       ||    31
       Scimitar          |    10 |    18 |     9 |    19 |       |       |       |       ||    56
       Great sword       |       |       |    32 |   161 |   262 |    69 |    24 |       ||   548
       Triple sword      |       |       |       |       |       |   213 |   115 |       ||   328
       Eudemon blade     |       |       |       |       |       |    49 |    60 |   502 ||   611
Throw: Throwing net      |       |       |       |     1 |     3 |       |       |       ||     4
       Javelin           |       |       |       |       |     8 |    45 |    74 |    94 ||   221
Invok: Berserk           |     1 |     1 |     3 |     9 |    10 |     4 |       |    11 ||    39
       Brothers in Arms  |       |       |       |     3 |     7 |       |       |       ||    10
       Trog's Hand       |       |       |       |       |     1 |       |       |     3 ||     4
 Abil: Hop               |       |       |       |     3 |     3 |       |     1 |     4 ||    11
Evoke: Wand              |       |       |       |     4 |    15 |     2 |       |     3 ||    24
  Use: Potion            |       |       |       |     3 |     7 |     3 |     1 |    12 ||    26
       Scroll            |       |       |       |     3 |     2 |       |    19 |     2 ||    26
 Stab: Invisible         |       |       |       |     4 |       |    22 |     5 |    10 ||    41
Armor: Animal skin       |     7 |       |       |       |       |       |       |       ||     7
       Chain mail        |     2 |    11 |     8 |    26 |       |       |       |       ||    47
       Plate armour      |       |       |       |    22 |       |    35 |    23 |       ||    80
       Ring mail         |       |       |       |     8 |    74 |    52 |       |       ||   134
       Gold dragon scale |       |       |       |       |       |       |    20 |    68 ||    88
Dodge: Dodged            |    19 |    12 |    17 |    76 |   187 |   327 |   181 |   103 ||   922
Block: Tower shield      |       |       |       |       |       |    18 |    65 |   395 ||   478
       Rpst.: Falchion   |     6 |       |       |       |       |       |       |       ||     6
       Scimitar          |     3 |     1 |       |     2 |       |       |       |       ||     6
       Great sword       |       |       |     4 |    22 |    32 |    18 |     8 |       ||    84
       Triple sword      |       |       |       |       |       |    25 |    22 |       ||    47
       Eudemon blade     |       |       |       |       |       |     6 |     1 |    14 ||    21

Table legend: (Time is in decaauts) A = Elapsed time spent in this place. B = Non-inter-level travel time spent in this place. C = Inter-level travel time spent in this place. D = Time resting spent in this place. E = Time spent auto-exploring this place. F = Levels seen in this place. G = Mean time per level. A B C D E F G +--------+--------+--------+--------+--------+-----+--------+ Total | 17681 | 15630 | 2051 | 6867 | 2299 | 1 | 17681.0 | Dungeon | 17681 | 15630 | 2051 | 6867 | 2299 | 1 | 17681.0 | +--------+--------+--------+--------+--------+-----+--------+

Top non-repeatable levels by time:
       D: 17681 daAuts
